 Dungeon Crawl Stone Soup version 0.20-a0-809-gaf7f668 (webtiles) character file.

216 Laan the Chopper (level 5, 0/48 HPs)
             Began as a Gargoyle Monk on Mar 3, 2017.
             Killed from afar by an orc wizard (7 damage)
             ... with a puff of flame
             ... on level 4 of the Dungeon.
             The game lasted 00:06:38 (2953 turns).

Laan the Chopper (Gargoyle Monk)                    Turns: 2953, Time: 00:06:38

Health: 0/48       AC: 11    Str: 19    XL:     5   Next: 93%
Magic:  5/5        EV:  8    Int: 12    God:
Gold:   127        SH:  7    Dex: 12    Spells: 4/4 levels left

rFire    . . .     SeeInvis .   a - +1 hand axe
rCold    . . .     Gourm    .   k - +1 ring mail
rNeg     + + .     Faith    .   s - +0 shield
rPois    ∞         Spirit   .   b - +0 helmet
rElec    +         Reflect  .   (no cloak)
rCorr    .         Harm     .   (no gloves)
MR       .....                  (no boots)
Stlth    ..........             (no amulet)
Regen    0.2/turn               (no ring)
MPRegen  0.1/turn               l - ring of positive energy

@: mighty, berserking, very quick
A: negative energy resistance 1, electricity resistance, unbreathing,
petrification resistance, rot immunity, AC +4
a: no special abilities


You were on level 4 of the Dungeon.
You were not hungry.

You visited 1 branch of the dungeon, and saw 4 of its levels.

You collected 127 gold pieces.

Inventory:

Hand Weapons
 a - a +1 hand axe (weapon)
Armour
 b - a +0 helmet (worn)
 k - a +1 ring mail (worn)
 s - a +0 shield (worn)
Jewellery
 l - a ring of positive energy (left hand)
Scrolls
 i - a scroll of teleportation
 j - a scroll of blinking
 n - 3 scrolls of identify
 o - a scroll of enchant armour
Potions
 e - a potion of haste
 h - a potion of brilliance {unknown}
 m - a potion of heal wounds {unknown}
 p - a potion of might
Comestibles
 c - 3 bread rations
 d - 2 meat rations
 f - 2 chunks of flesh


   Skills:
 - Level 3.2 Fighting
 + Level 5.8 Axes
 - Level 2.4 Dodging
 - Level 2.1 Stealth


You had 4 spell levels left.
You didn't know any spells.

Dungeon Overview and Level Annotations

Branches:
Dungeon (4/15)
 Temple: D:4-7

Altars:
Hepliaklqana
Makhleb


Innate Abilities, Weirdness & Mutations

You are resistant to torment.
Your stone body is resilient. (AC +4)
You are immune to poison.
You resist negative energy. (rN+)
You are resistant to electric shocks. (rElec)
You can survive without breathing.
You are immune to petrification.
You are immune to rotting.


Message History

A magic dart appears from out of thin air!
The magic dart hits you! Something hits you.
* * * LOW HITPOINT WARNING * * *
It was a potion of might.
You feel very mighty all of a sudden. Something hits you but does no damage.
A red film seems to cover your vision as you go berserk!
You feel yourself moving faster!
You feel mighty!
An orc wizard appears from thin air!
Reactivating autopickup.
The orc wizard hits you but does no damage.
You hit the orc wizard.
The orc wizard is heavily wounded.
You slash the orc wizard!
You kill the orc wizard!
The orc wizard casts a spell at you. The puff of flame misses you.
The orc wizard gestures at you while chanting.
The puff of flame hits you!
You die...

.# #.. #.# #.# #.# #
#.# .# #
###########.##.# #
#.oo@..........####
#
##.########........
. # #####.##.######
#..............
#.###..#.##.##. #.#
#.......... #.#
#..#.##.##.
#.####.###..#.##.##.
#...........#.##.##.


You could see an orc wizard and an orc.

Vanquished Creatures
  2 orc wizards (D:4)
  Ijyb (D:2)
  A worker ant (D:4)
  Robin (D:2)
  3 adders
  An ooze (D:2)
  A dart slug (D:2)
  A leopard gecko (D:1)
  5 orcs
  3 ball pythons (D:2)
  2 giant cockroaches (D:3)
  8 goblins
  8 hobgoblins
  5 jackals
  7 bats
  2 frilled lizards
  4 kobolds
  11 rats
66 creatures vanquished.

Notes
Turn   | Place    | Note
-------+----------+-------------------------------------------
     0 | D:1      | Laan the Gargoyle Monk began the quest for the Orb.
     0 | D:1      | Reached XP level 1. HP: 14/14 MP: 1/1
   353 | D:1      | Reached skill level 3 in Axes
   406 | D:1      | Reached XP level 2. HP: 19/19 MP: 2/2
  1038 | D:2      | Reached XP level 3. HP: 4/23 MP: 3/3
  1383 | D:2      | Reached skill level 4 in Axes
  1591 | D:2      | Noticed Ijyb
  1601 | D:2      | Noticed Robin
  1606 | D:2      | Killed Ijyb
  1606 | D:2      | Reached XP level 4. HP: 19/28 MP: 4/4
  1619 | D:2      | Killed Robin
  2155 | D:3      | Reached skill level 5 in Axes
  2155 | D:3      | Reached XP level 5. HP: 31/32 MP: 5/5
  2440 | D:3      | Found a burning altar of Makhleb.
  2479 | D:3      | Found a hazy altar of Hepliaklqana.
  2953 | D:4      | Killed from afar by an orc wizard

Vault maps used:
D:1:      roderic_chinese_lattice_arrival, minmay_misc_feat_columns
D:2:      corexii_leaking_fountain, uniq_iyjb, uniq_robin
D:3:      marbit_many_paths, lemuel_round_altar
D:4:      grunt_qazlal_sundering, nicolae_dithmenos_through_a_glass_darkly,
          minmay_temple_entry_trees

Skill      XL: |  1  2  3  4 |
---------------+-------------+-----
Axes           | 3 4 5 |  5.8
Fighting       | |  3.2
Dodging        | |  2.4
Stealth        | |  2.1

Action                   |  1- 3 |  4- 6 || total
-------------------------+-------+-------++-------
Melee: Hand axe          |   119 |   174 ||   293
  Use: Scroll            |     3 |     3 ||     6
       Potion            |       |     2 ||     2
 Stab: Sleeping          |     3 |       ||     3
  Eat: Chunk             |     2 |     5 ||     7
Armor: Robe              |    13 |       ||    13
       Leather armour    |    28 |    55 ||    83
       Ring mail         |       |    24 ||    24
Dodge: Dodged            |    83 |    88 ||   171
Block: Shield            |       |    10 ||    10
